 Dungeon Crawl Stone Soup version 0.30-b1-2-g02819fbbbe (webtiles) character file.

Game seed: 9890605945894518067

3152 dorian the Cleaver (level 10, 0/70 HPs)
             Began as a Formicid Delver on May 18, 2023.
             Was an Elder of Makhleb.
             Slain by a wyvern (2 damage)
             ... on level 8 of the Dungeon.
             The game lasted 00:12:10 (7795 turns).

dorian the Cleaver (Formicid Delver)                Turns: 7795, Time: 00:12:11

Health: 0/70       AC: 16    Str: 22    XL:     10   Next: 15%
Magic:  10/10      EV:  9    Int:  9    God:    Makhleb [****..]
Gold:   347        SH:  0    Dex: 15    Spells: 9/9 levels left

rFire   . . .        v - +2 hand axe (freeze)
rCold   . . .        (no shield)
rNeg    . . .        y - +0 chain mail
rPois   .            (helmet unavailable)
rElec   .            E - +0 cloak
rCorr   .            t - +1 pair of gloves
SInv    +            i - +0 pair of boots
Will    +....        (no amulet)
Stlth   +            (no ring)
HPRegen 0.31/turn    (no ring)
MPRegen 0.12/turn

%: no passive effects
@: no status effects
A: permanent stasis, dig shafts and tunnels, antennae 3, four strong arms
a: Dig, Shaft Self, Renounce Religion, Minor Destruction, Lesser Servant of
Makhleb, Major Destruction


You were on level 8 of the Dungeon.
You worshipped Makhleb.
Makhleb was greatly pleased with you.
You visited 1 branch of the dungeon, and saw 9 of its levels.

You collected 347 gold pieces.

Inventory:

Hand Weapons
 a - a +0 hand axe
 v - a +2 hand axe of freezing (weapon)
Missiles
 w - 10 javelins
 C - a throwing net
Armour
 b - a +0 leather armour
 i - a +0 pair of boots (worn)
 n - a +0 scale mail
 t - a +1 pair of gloves (worn)
 y - a +0 chain mail (worn)
 E - a +0 cloak (worn)
 H - a +0 ring mail of poison resistance
Jewellery
 D - a ring of fire
 G - a ring of positive energy
Wands
 f - a wand of digging (3)
 g - a wand of flame (40)
 x - a wand of charming (10)
Scrolls
 c - 3 scrolls of fog
 d - 2 scrolls of magic mapping
 e - a scroll of fear
 o - a scroll of vulnerability
 p - 4 scrolls of enchant armour
 z - a scroll of teleportation
Potions
 h - 3 potions of invisibility {unknown}
 j - 3 potions of resistance {unknown}
 k - 2 potions of might {unknown}
 l - 2 potions of berserk rage {unknown}
 m - a potion of cancellation {unknown}
 q - 3 potions of curing
 r - a potion of flight {unknown}
 s - a potion of mutation {unknown}
 u - a potion of magic {unknown}
 B - a potion of lignification {unknown}
 F - a potion of brilliance {unknown}
Miscellaneous
 A - a tin of tremorstones (1/2)


   Skills:
 - Level 3.2 Fighting
 * Level 11.2 Axes
 + Level 8.5 Armour
 - Level 1.7 Dodging
 - Level 6.0 Stealth


You had 9 spell levels left.
You didn't know any spells.
Your spell library contained the following spells:

 Spells                   Type           Power      Damage    Failure   Level
 Slow                     Hex            0%         N/A       91%         1
 Confusing Touch          Hex            0%         N/A       99%         3
 Frozen Ramparts          Ice            0%         1d1       99%         3
 Vampiric Draining        Necr           0%         2d6       99%         3
 Anguish                  Hex/Necr       0%         N/A       100%        4
 Ice Form                 Ice/Tmut       0%         N/A       100%        4
 Leda's Liquefaction      Hex/Erth       0%         N/A       100%        4
 Summon Ice Beast         Ice/Summ       0%         N/A       100%        4
 Lee's Rapid Deconstruct  Erth           0%         3d4*      100%        5
 Statue Form              Tmut/Erth      0%         N/A       100%        6
 Enfeeble                 Hex            0%         N/A       100%        7


Dungeon Overview and Level Annotations

Branches:
Dungeon (9/15)             Temple (0/1) D:4            Lair (0/5) D:9
    Orc: D:9-12

Altars:
Makhleb
Wu Jian
The Shining One
Lugonu

Shops:
D:1 :   D:4 *

Portals:
Abyss: D:3

Annotations:
D:7 2 transporters


Innate Abilities, Weirdness & Mutations

You cannot be hasted, slowed, berserked, paralysed or teleported.
You can dig through walls and to a lower floor.
You have a pair of large antennae on your head. (SInv)
Your four strong arms can wield two-handed weapons with a shield.


Message History

Unknown command.
You hit the wyvern but do no damage.
The wyvern is heavily wounded.
You hit the yak but do no damage. The yak gores you but does no damage.
The wyvern bites you.
You completely miss the wyvern.
The wyvern is heavily wounded.
You hit the yak but do no damage. The wyvern bites you!
The yak barely misses you.
You are too injured to fight recklessly!
You are too injured to fight recklessly!
You are too injured to fight recklessly!
Unknown command.
The wyvern attacks as you move away! The wyvern bites you. The yak gores you!
The yak attacks as you move away! The yak gores you.
* * * LOW HITPOINT WARNING * * *
The wyvern attacks as you move away!
The wyvern bites you but does no damage. x2
The wyvern attacks as you move away! The wyvern bites you.
* * * LOW HITPOINT WARNING * * *
The wyvern bites you but does no damage.
You hit the wyvern. You freeze the wyvern.
The wyvern is severely wounded.
The wyvern bites you but does no damage.
You hit the wyvern but do no damage.
The wyvern is severely wounded.
The wyvern bites you but does no damage.
You closely miss the wyvern.
The wyvern is severely wounded.
The wyvern barely misses you.
You hit the wyvern but do no damage.
The wyvern is severely wounded.
The wyvern bites you.
* * * LOW HITPOINT WARNING * * *
You hit the wyvern. You freeze the wyvern.
The wyvern is severely wounded.
The wyvern bites you!
* * * LOW HITPOINT WARNING * * *
The wyvern bites you.
You die...

#.........# #######'### #####
#.#.######...###########
####.#......'......g.......
#......######...###########
####.#.# #...# #)..### #...#
##### #.#>..####...# #...#
#.###Yl@.#...# #.).#
#.######.#...#######)..#
##########.##...............')..'
#....(.....#######..#########)..#
#.########## #)[# #...# #.# #.[#
#...# #.# #..### #...# #.#
###########....# #...# #.#
#....<.)....##.## #...#


You could see a yak and a wyvern.

Vanquished Creatures
  A wraith (D:8)
  A steam dragon (D:8)
  6 yaks (D:8)
  A water moccasin (D:6)
  An ice beast (D:6)
  A sky beast (D:8)
  A centaur (D:6)
  2 kobold brigands
  A gnoll sergeant (D:8)
  Blork the orc (D:4)
  4 bullfrogs
  A scorpion (D:4)
  2 howler monkeys (D:7)
  2 hounds (D:6)
  2 orc priests (D:7)
  3 sleepcaps
  Natasha (thrice) (D:2)
  3 iguanas
  9 orc wizards
  Robin (D:2)
  3 gnolls (D:8)
  9 adders
  A white imp (D:7)
  2 worms
  2 dart slugs
  33 orcs
  3 ball pythons
  3 endoplasms
  3 giant cockroaches
  14 goblins
  3 hobgoblins (D:2)
  6 jackals (D:2)
  15 kobolds
  5 quokkas
  2 bats (D:3)
  A frilled lizard (D:3)
  5 rats
156 creatures vanquished.

Vanquished Creatures (collateral kills)
  An ogre (D:6)
  A jelly (D:6)
  A hound (D:6)
  An adder (D:6)
4 creatures vanquished.

Vanquished Creatures (others)
  A water moccasin (D:6)
  An orc wizard (D:6)
  A lurking horror (D:3)
3 creatures vanquished.

Grand Total: 163 creatures vanquished

Notes
Turn   | Place    | Note
-------+----------+-------------------------------------------
     0 | D:5      | dorian the Formicid Delver began the quest for the Orb.
     0 | D:5      | Reached XP level 1. HP: 18/18 MP: 1/1
    27 | D:5      | Noticed a scorpion
   161 | D:2      | Reached XP level 2. HP: 21/24 MP: 2/2
   286 | D:2      | Reached skill level 1 in Armour
   329 | D:2      | Reached XP level 3. HP: 28/29 MP: 3/3
   497 | D:1      | Reached skill level 3 in Axes
   553 | D:1      | Found a faded altar of an unknown god.
   772 | D:1      | Prayed at the altar of an unknown god.
   772 | D:1      | Became a worshipper of Makhleb the Destroyer
   772 | D:1      | Reached * piety under Makhleb
  1270 | D:1      | Found Xeng's Book Shop.
  1271 | D:1      | Noticed a walking earthen tome
  1271 | D:1      | Noticed a walking crystal tome
  1531 | D:2      | Noticed Natasha
  1540 | D:2      | Killed Natasha
  1541 | D:2      | Reached XP level 4. HP: 27/35 MP: 4/4
  2124 | D:2      | Noticed Natasha
  2128 | D:2      | Killed Natasha
  2129 | D:2      | Reached skill level 4 in Axes
  2129 | D:2      | Reached XP level 5. HP: 41/41 MP: 5/5
  2203 | D:2      | Noticed Natasha
  2207 | D:2      | Killed Natasha
  2308 | D:2      | Noticed Robin
  2331 | D:2      | Killed Robin
  2451 | D:2      | Reached ** piety under Makhleb
  2878 | D:3      | Found a one-way gate to the infinite horrors of the Abyss.
  2879 | D:3      | Found a corrupted altar of Lugonu.
  3026 | D:3      | Identified the +8 short sword of Kupt {protect, Will- Str+7
                  | Dex+5}
  3342 | D:3      | Reached XP level 6. HP: 44/47 MP: 6/6
  3743 | D:4      | Found Tukuc's Lightly-Used Armoury.
  3772 | D:4      | Noticed Blork the orc
  3778 | D:4      | Found a glowing golden altar of the Shining One.
  3805 | D:4      | Killed Blork the orc
  3806 | D:4      | Reached skill level 5 in Axes
  4357 | D:4      | Reached XP level 7. HP: 52/52 MP: 7/7
  4418 | D:4      | Found a staircase to the Ecumenical Temple.
  4617 | D:6      | Reached skill level 6 in Axes
  4834 | D:6      | Found an ornate altar of the Wu Jian Council.
  4952 | D:6      | Noticed a water moccasin
  4981 | D:6      | Reached skill level 7 in Axes
  4981 | D:6      | Reached XP level 8. HP: 44/58 MP: 8/8
  5004 | D:6      | Reached skill level 5 in Armour
  5256 | D:6      | Reached *** piety under Makhleb
  5442 | D:6      | Reached skill level 8 in Axes
  5861 | D:6      | Reached XP level 9. HP: 43/64 MP: 9/9
  6028 | D:7      | Reached skill level 9 in Axes
  6069 | D:7      | Noticed a two-headed ogre
  6113 | D:7      | Found a transporter.
  6131 | D:7      | Found a transporter.
  6959 | D:8      | Reached skill level 10 in Axes
  6997 | D:8      | Reached XP level 10. HP: 29/70 MP: 10/10
  7124 | D:8      | Reached skill level 11 in Axes
  7382 | D:8      | Reached **** piety under Makhleb
  7795 | D:8      | HP: 2/70 [wyvern (11)]
  7795 | D:8      | Slain by a wyvern

Illustrated notes

Levels and vault maps discovered:
D:1:      ncdulo_watergridlock, layout_basic,
          dilly_ecumenical_altar_fadedgnrine, serial_shops,
          nicolae_shop_mannequins
D:2:      layout_loops_corners, uniq_robin, uniq_natasha
D:3:      minmay_inner_zag, layout_basic, wad_floor_pattern_untrapped,
          amcnicky_altar_lugonu_corruption
D:4:      layout_loops_ring, old_standard_altar, minmay_temple_entry_poolview,
          minmay_shop_damaged, uniq_blork_the_orc
D:5:      layout_basic, uniq_edmund
D:6:      layout_loops_cross, nicolae_wu_jian_glorious_leap, minmay_checkerbox
D:7:      gammafunk_the_bubble [the_bubble_gammafunk_grid], layout_basic
D:8:      layout_basic, corner_web_ring
D:9:      layout_cross, lair_entry_dummy, enter_bailey_5, serial_shops, shop

Skill      XL: |  1  2  3  4  5  6  7  8  9 10 |
---------------+-------------------------------+-----
Armour         | 1 2 3 4 6 8 |  8.5
Axes           | 3 4 5 7 8 10 11 | 11.2
Fighting       | |  3.2
Dodging        | |  1.7
Stealth        | |  6.0

Action                     |  1- 3 |  4- 6 |  7- 9 | 10-12 || total
---------------------------+-------+-------+-------+-------++-------
  Melee: Hand axe          |    58 |   205 |   270 |    55 ||   588
         Punch             |       |       |     3 |     1 ||     4
Ability: Dig               |       |     1 |       |       ||     1
  Evoke: Wand              |       |     7 |    11 |       ||    18
         Tin of tremorston |       |       |     2 |       ||     2
    Use: Scroll            |       |     4 |     4 |     1 ||     9
   Stab: Sleeping          |     8 |     6 |     1 |       ||    15
 Armour: Leather armour    |    13 |    23 |       |       ||    36
         Scale mail        |       |    49 |    17 |       ||    66
         Chain mail        |       |       |   136 |    35 ||   171
  Dodge: Dodged            |    33 |   117 |   121 |    22 ||   293
